 Dungeon Crawl Stone Soup version 0.28-a0-8-g6e044cfa68 (webtiles) character file.

Game seed: 8186745927611717971

91989 pkoi the Severer (level 15, -8/136 HPs)
             Began as a Minotaur Gladiator on July 23, 2021.
             Was a Priest of Qazlal.
             Mangled by a cyclops (13 damage)
             ... on level 2 of the Shoals on July 24, 2021.
             The game lasted 00:35:14 (27781 turns).

pkoi the Severer (Minotaur Gladiator)              Turns: 27781, Time: 00:35:14

Health: -8/136     AC: 14    Str: 29    XL:     15   Next: 56%
Magic:  23/26      EV: 16    Int:  5    God:    Qazlal [***...]
Gold:   1180       SH:  4    Dex: 11    Spells: 14/14 levels left

rFire   . . .      SeeInvis +   D - +4 battleaxe (drain)
rCold   + + +      Faith    .   (shield currently unavailable)
rNeg    . . .      Spirit   .   t - +4 skin of Zhor {*Englaciate rC+++ SInv}
rPois   .          Reflect  .   M - +0 hat {SInv}
rElec   .          Harm     .   q - +0 cloak
rCorr   .          Rampage  .   l - +2 pair of gloves {Str+3}
Will    ++...                   u - +0 pair of boots
Stlth   +.........              (no amulet)
HPRegen 0.32/turn               m - +4 ring of slaying
MPRegen 0.20/turn               x - ring of willpower

@: studying Ice Magic
A: horns 2, retaliatory headbutt
a: Renounce Religion, Upheaval, Elemental Force


You were on level 2 of the Shoals.
You worshipped Qazlal.
Qazlal was most pleased with you.
You visited 3 branches of the dungeon, and saw 20 of its levels.
You also visited: Gauntlet and Ice Cave.

You collected 1180 gold pieces.

Inventory:

Hand Weapons
 D - a +4 battleaxe of draining (weapon)
Missiles
 d - 4 throwing nets (quivered)
 n - 71 poisoned darts
 E - 15 curare-tipped darts
Armour
 l - a +2 pair of gloves of strength (worn)
 q - a +0 cloak (worn)
 t - the +4 skin of Zhor (worn) {*Englaciate rC+++ SInv}
   (You found it in an ice cave)

   It radiates cold, occasionally slowing all nearby creatures who are not
   resistant to cold.
   rC:        It renders you almost immune to cold.
   SInv:      It lets you see invisible.
 u - a +0 pair of boots (worn)
 M - a +0 hat of see invisible (worn)
Jewellery
 c - a ring of resist corrosion
 m - a +4 ring of slaying (left hand)
 x - a ring of willpower (right hand)
 F - a +6 ring of strength
 L - the ring of Zimokk {Fire Int+4}
   (You found it on level 12 of the Dungeon)

   [ring of fire]

   It enhances your fire magic.
   Int:       It affects your intelligence (+4).
   rF:        It protects you from fire.
   rC:        It makes you vulnerable to cold.
 O - the ring of Okawaru's Delight {Ice rPois rN+ rCorr}
   (You found it on level 1 of the Lair of Beasts)

   [ring of ice]

   It enhances your ice magic.
   rF:        It makes you vulnerable to fire.
   rC:        It protects you from cold.
   rPois:     It protects you from poison.
   rN:        It protects you from negative energy.
   rCorr:     It protects you from acid and corrosion.
Wands
 e - a wand of iceblast (18)
 o - a wand of charming (16)
 r - a wand of flame (60)
 C - a wand of paralysis (7)
 H - a wand of acid (36)
 I - a wand of digging (5)
 K - a wand of polymorph (18)
Scrolls
 b - 2 scrolls of fog
 f - 4 scrolls of enchant armour
 g - 5 scrolls of enchant weapon
 j - 8 scrolls of teleportation
 k - 4 scrolls of magic mapping
 w - 2 scrolls of amnesia
 y - 2 scrolls of brand weapon
 A - 5 scrolls of blinking
 B - 6 scrolls of identify
 P - 2 scrolls of fear
 Q - 3 scrolls of holy word
Potions
 a - a potion of cancellation {unknown}
 h - 3 potions of haste
 i - 3 potions of heal wounds
 p - 5 potions of lignification {unknown}
 s - a potion of resistance {unknown}
 v - 2 potions of berserk rage
 z - 8 potions of curing
 J - 2 potions of might {unknown}
 N - a potion of mutation {unknown}
Miscellaneous
 G - a phantom mirror
 S - a piece from Xom's chessboard (15/15)


   Skills:
 + Level 13.4 Fighting
 + Level 17.3 Axes
 - Level 2.0 Throwing
 + Level 13.2 Armour
 + Level 12.7 Dodging
 + Level 16.1 Invocations


You had 14 spell levels left.
You didn't know any spells.
Your spell library contained the following spells:

 Spells                   Type           Power      Damage    Failure   Level
 Apportation              Tloc           0%         N/A       47%         1
 Beastly Appendage        Tmut           0%         N/A       47%         1
 Corona                   Hex            0%         N/A       47%         1
 Sandblast                Erth           0%         2d4       47%         1
 Ensorcelled Hibernation  Hex/Ice        0%         N/A       63%         2
 Passwall                 Tmut/Erth      0%         N/A       63%         2
 Slow                     Hex            0%         N/A       63%         2
 Static Discharge         Conj/Air       0%         N/A       63%         2
 Sublimation of Blood     Necr           0%         N/A       63%         2
 Wereblood                Tmut           0%         N/A       63%         2
 Confusing Touch          Hex            0%         N/A       85%         3
 Dazzling Flash           Conj/Hex       0%         N/A       85%         3
 Frozen Ramparts          Ice            0%         1d2       85%         3
 Ozocubu's Armour         Ice            0%         N/A       85%         3
 Spider Form              Tmut/Pois      0%         N/A       85%         3
 Swiftness                Air            0%         N/A       85%         3
 Tukima's Dance           Hex            0%         N/A       85%         3
 Animate Armour           Summ/Erth      0%         N/A       99%         4
 Animate Dead             Necr           0%         N/A       99%         4
 Dispel Undead            Necr           0%         3d6       99%         4
 Ice Form                 Ice/Tmut       0%         N/A       99%         4
 Sticky Flame             Conj/Fire      0%         2d3       99%         4
 Summon Ice Beast         Ice/Summ       0%         N/A       99%         4
 Agony                    Necr           0%         N/A       100%        5
 Alistair's Intoxication  Tmut/Pois      0%         N/A       100%        5
 Blade Hands              Tmut           0%         N/A       100%        5
 Borgnjor's Vile Clutch   Necr/Erth      0%         N/A       100%        5
 Lee's Rapid Deconstruct  Erth           0%         3d5*      100%        5
 Metabolic Englaciation   Hex/Ice        0%         N/A       100%        5
 Silence                  Hex/Air        0%         N/A       100%        5
 Summon Forest            Summ/Tloc      0%         N/A       100%        5
 Yara's Violent Unravell  Hex/Tmut       0%         3d3       100%        5
 Death Channel            Necr           0%         N/A       100%        6
 Eringya's Noxious Bog    Tmut/Pois      0%         N/A       100%        6
 Invisibility             Hex            0%         N/A       100%        6
 Iron Shot                Conj/Erth      0%         9d1       100%        6
 Simulacrum               Ice/Necr       0%         N/A       100%        6
 Haunt                    Necr/Summ      0%         N/A       100%        7
 Summon Hydra             Summ           0%         N/A       100%        7
 Discord                  Hex            0%         N/A       100%        8
 Infestation              Necr           0%         N/A       100%        8


Dungeon Overview and Level Annotations

Branches:
Dungeon (12/15)            Temple (0/1) D:5            Lair (6/6) D:10
 Shoals (2/4) Lair:3       Spider (0/4) Lair:3        IceCv (visited)
Gauntlet (visited)
  Slime: Lair:5-6       Orc: D:9-12

Altars:
Ashenzari
Elyvilon
Fedhas
Gozag
Makhleb
Qazlal
Sif Muna
Trog
Uskayaw
Wu Jian
Zin
Lugonu

Shops:
D:3 *   D:7 :   Shoals:1 ?***

Portals:
Abyss: Lair:4 Lair:6

Annotations:
Lair:3 3 runed translucent doors, Nieclary's ghost, journeyman TrTm
Lair:4 2 transporters, pkoi's ghost, journeyman DrTm
Lair:6 1 runed translucent door, exclusion: 2 oklob plants, Aliwn's ghost, journeyman VSMo
Shoals:1 2 transporters, xzight's ghost, adept MiBe


Innate Abilities, Weirdness & Mutations

You have a pair of horns on your head.
You reflexively headbutt those who attack you in melee.


Message History

The tentacle slaps you.
* * * LOW HITPOINT WARNING * * *
The tentacle slaps you.
* * * LOW HITPOINT WARNING * * *
2 tentacles and a tentacle segment come into view.
You slice the tentacle!! Your headbutt misses the tentacle.
The tentacle is heavily wounded.
You slice the tentacle!!
You kill the tentacle!
You barely miss the tentacle.
A tentacle rises from the water!
The tentacle slaps you but does no damage.
A tentacle comes into view.
Aiming: Upheaval
Press: ? - help, Dir - move target, f - kraken
Aim: a kraken (water, almost dead)
A blizzard blasts the area with ice!
The blast of ice hits the tentacle!!
You kill the tentacle!
The blast of ice hits the tentacle!!!
You kill the tentacle!
The blast of ice hits the kraken!
You kill the kraken!
Qazlal accepts your kill.
The dead kraken's tentacles slide back into the water.
Unknown command.
Unknown command.
You enter the shallow water.
Moving in this stuff is going to be slow.
A cyclops comes into view.
The cyclops shouts!
The cyclops moves out of view.
Tentacles burst out of the water!
The cyclops hits you!
* * * LOW HITPOINT WARNING * * *
2 tentacles come into view.
You radiate an aura of cold.
The cyclops seems to slow down.
The tentacle is unaffected.
You slice the cyclops!! You drain the cyclops.
The cyclops is heavily wounded.
The cyclops hits you!
You die...

≈≈≈≈.....≈≈≈≈##
.....≈.≈#X.....≈......X#
........#w.?...≈≈..≈$≈≈≈
[......≈#≈≈)..≈≈≈≈...$≈.
.......≈#.....≈.≈.≈.....
......≈.#.≈≈≈..≈≈...≈.≈≈
........≈..≈..≈≈≈≈..≈.≈≈
...............≈<≈≈≈...≈
.......@...≈..≈≈≈≈≈≈≈...
......†C#°..≈...≈≈≈≈....
.^......#.≈..≈.≈≈≈≈≈≈...
.(......#.......≈[≈≈≈≈..
........#.≈[≈..≈≈≈≈≈≈$..
≈.......#≈..≈.≈...≈≈≈≈≈≈
≈≈.....≈#≈≈≈..≈....≈≈≈X≈
≈≈≈...^.#######...######
≈≈≈≈≈≈≈≈≈≈≈≈..≈.....≈≈≈≈


You could see a cyclops (slow, drained).

Vanquished Creatures
  Rupert (Lair:4)
  Gastronok (Lair:2)
  A kraken (Shoals:2)
  Nessos (Lair:6)
  A minotaur (Gauntlet)
  7 hydras
  A boulder beetle (Lair:6)
  A merfolk avatar (Shoals:1)
  A catoblepas (Lair:4)
  3 two-headed ogres
  3 thrashing horrors (Lair:6)
  12 death yaks
  Urug (D:10)
  3 skeletal warriors
  A death drake (Gauntlet)
  A glowing orange brain (Gauntlet)
  6 sea snakes (Shoals:1)
  8 harpies (Shoals:1)
  A lindwurm (Lair:3)
  3 ugly things
  A wolf spider (Lair:3)
  A necromancer (IceCv)
  2 oklob plants (Lair:4)
  4 manticores
  3 cyclopes
  18 elephants
  4 black mambas
  A water nymph (Shoals:1)
  3 smoke demons
  Maggie (Lair:1)
  A spectral redback (Gauntlet)
  An ice statue (IceCv)
  Psyche (D:9)
  An unseen horror (D:11)
  A torpor snail (Lair:6)
  7 cane toads
  11 komodo dragons
  A kobold demonologist (D:11)
  2 anaconda simulacra (IceCv)
  3 entropy weaver simulacra (IceCv)
  4 freezing wraiths (IceCv)
  2 rime drakes
  10 ice devils (IceCv)
  4 trolls
  3 merfolk (Shoals:1)
  An ancient zyme (Lair:6)
  2 wind drakes
  A raiju (Gauntlet)
  3 snapping turtles
  27 blink frogs
  15 dream sheep
  A spriggan (shapeshifter) (Lair:6)
  A redback (Lair:3)
  14 small abominations
  2 spriggans (Lair:6)
  A wraith (D:10)
  2 shadows (D:11)
  A ynoxinul (Lair:6)
  6 large abominations
  3 wyverns
  8 basilisks
  37 yaks
  2 dire elephant simulacra (IceCv)
  2 chaos spawn (Lair:6)
  5 steam dragons
  3 vampire mosquitoes (D:10)
  4 death yak simulacra (IceCv)
  2 harpy simulacra (IceCv)
  16 water moccasins
  2 orc warriors
  2 sky beasts
  A black bear (D:5)
  29 wolves
  2 necrophages (D:5)
  3 centaurs
  3 kobold brigands
  11 bullfrogs
  2 two-headed ogre simulacra (IceCv)
  2 scorpions
  4 cane toad simulacra (IceCv)
  A wyvern skeleton (D:6)
  7 elephant simulacra (IceCv)
  8 wights (D:7)
  A howler monkey (D:9)
  3 crimson imps (Gauntlet)
  A bullfrog zombie (D:5)
  2 centaur zombies
  A jelly (D:5)
  4 hounds
  An orc priest (D:3)
  A centaur skeleton (D:7)
  A scorpion zombie (D:5)
  3 iguanas
  5 orc wizards
  4 hell rats (Lair:5)
  3 polar bear simulacra (IceCv)
  A spriggan simulacrum (IceCv)
  A troll simulacrum (IceCv)
  2 wolf simulacra (IceCv)
  2 killer bee zombies (D:7)
  A hound skeleton (D:5)
  Robin (D:2)
  A howler monkey skeleton (D:6)
  6 adders
  3 gnolls (D:2)
  A naga simulacrum (IceCv)
  A white imp (IceCv)
  An ufetubus (D:5)
  An adder skeleton (D:4)
  15 orcs
  5 ball pythons
  11 endoplasms
  4 giant cockroaches
  15 goblins
  9 hobgoblins
  9 jackals
  2 quokkas
  3 bats
  6 frilled lizards
  A jackal skeleton (D:4)
  13 kobolds
  5 rats
  5 tentacles (Shoals:2)
538 creatures vanquished.

Vanquished Creatures (others)
  A water moccasin (Lair:6)
  A kobold (D:8)
  25 fungi
  52 plants
  6 tentacles (Shoals:2)
  5 withered plants (D:2)
90 creatures vanquished.

Grand Total: 628 creatures vanquished

Notes
Turn   | Place    | Note
-------+----------+-------------------------------------------
     0 | D:1      | pkoi the Minotaur Gladiator began the quest for the Orb.
     0 | D:1      | Reached XP level 1. HP: 18/18 MP: 0/0
   105 | D:1      | Reached skill level 4 in Axes
   188 | D:1      | Reached XP level 2. HP: 22/25 MP: 1/1
   387 | D:1      | Reached skill level 5 in Axes
   884 | D:2      | Reached XP level 3. HP: 30/30 MP: 2/2
   900 | D:2      | Noticed Robin
   918 | D:2      | Killed Robin
  1176 | D:2      | Reached XP level 4. HP: 34/37 MP: 3/3
  1181 | D:2      | Reached skill level 6 in Axes
  1982 | D:2      | Found a faded altar of an unknown god.
  2209 | D:3      | Noticed a sky beast
  2219 | D:3      | Killed a sky beast
  2220 | D:3      | Reached skill level 7 in Axes
  2220 | D:3      | Reached XP level 5. HP: 26/42 MP: 4/4
  2699 | D:3      | Reached skill level 8 in Axes
  2740 | D:3      | Found Jegynwin's General Store.
  2757 | D:3      | Found an ornate altar of the Wu Jian Council.
  2896 | D:3      | Reached XP level 6. HP: 45/50 MP: 5/5
  3099 | D:4      | Found a glowing silver altar of Zin.
  3099 | D:4      | Found a shimmering blue altar of Sif Muna.
  3106 | D:4      | Found a stormy altar of Qazlal.
  3113 | D:4      | Found a broken altar of Ashenzari.
  3114 | D:4      | Found a bloodstained altar of Trog.
  3132 | D:4      | Became a worshipper of Qazlal Stormbringer
  3510 | D:4      | Reached skill level 1 in Invocations
  3627 | D:5      | Entered Level 5 of the Dungeon
  3684 | D:5      | Reached skill level 9 in Axes
  3684 | D:5      | Reached XP level 7. HP: 55/56 MP: 7/7
  3701 | D:5      | Found a staircase to the Ecumenical Temple.
  3951 | D:5      | Noticed a steam dragon
  3957 | D:5      | Killed a steam dragon
  4445 | D:5      | Reached skill level 10 in Axes
  4447 | D:5      | Reached XP level 8. HP: 50/62 MP: 10/10
  4952 | D:6      | Reached skill level 5 in Invocations
  5499 | D:6      | Found a hide-covered altar of Uskayaw.
  5507 | D:6      | Reached skill level 11 in Axes
  5519 | D:6      | Identified the +1 leather armour of the Morning Star
                  | {Str+4}
  5539 | D:6      | Reached * piety under Qazlal
  5917 | D:7      | Found Sagoavah's Book Emporium.
  6203 | D:7      | Reached XP level 9. HP: 68/68 MP: 13/13
  6336 | D:7      | Found a white marble altar of Elyvilon.
  7282 | D:8      | Found a burning altar of Makhleb.
  7282 | D:8      | Found a blossoming altar of Fedhas.
  7396 | D:8      | Reached skill level 12 in Axes
  7578 | D:8      | Noticed a two-headed ogre
  7636 | D:8      | Noticed a green ugly thing
  7824 | D:9      | Noticed a manticore
  7828 | D:9      | Killed a manticore
  7964 | D:9      | Identified a scroll of acquirement
  7964 | D:9      | Acquired a manual of Invocations
  8108 | D:9      | Reached skill level 1 in Armour
  8188 | D:9      | Reached XP level 10. HP: 76/78 MP: 15/15
  8273 | D:9      | Noticed Psyche
  8274 | D:9      | Found an opulent altar of Gozag.
  8283 | D:9      | Killed Psyche
  8479 | D:10     | Entered Level 10 of the Dungeon
  8479 | D:10     | Noticed Urug
  8490 | D:10     | HP: 1/78 [Urug (20)]
  8491 | D:10     | Killed Urug
  8492 | D:10     | Reached skill level 13 in Axes
  8884 | D:10     | Reached skill level 5 in Dodging
  9009 | D:10     | Reached ** piety under Qazlal
  9010 | D:10     | Reached skill level 5 in Fighting
  9257 | D:10     | Reached skill level 10 in Invocations
  9844 | D:10     | Identified the +4 chain mail of the Volcano {Rampage rN+
                  | SInv}
  9907 | D:10     | Found a staircase to the Lair.
 10036 | D:11     | Noticed a cyclops
 10040 | D:11     | Reached skill level 5 in Armour
 10053 | D:11     | Killed a cyclops
 10399 | D:11     | Noticed a two-headed ogre
 10407 | D:11     | Killed a two-headed ogre
 10408 | D:11     | Reached XP level 11. HP: 31/89 MP: 17/17
 11250 | D:12     | Noticed a two-headed ogre
 11250 | D:12     | Noticed a two-headed ogre
 11275 | D:12     | Noticed a five-headed hydra
 11386 | Lair:1   | Entered Level 1 of the Lair of Beasts
 11539 | Lair:1   | Identified the ring of Okawaru's Delight {Ice rPois rN+
                  | rCorr}
 11565 | Lair:1   | Got Hywuef's Guide on the Voyage and Beguiling
 11677 | Lair:1   | Found a frozen archway.
 11698 | IceCv    | Entered an ice cave
 11876 | IceCv    | Reached *** piety under Qazlal
 12663 | IceCv    | Reached skill level 14 in Axes
 12899 | IceCv    | Found the +4 skin of Zhor {*Englaciate rC+++ SInv}
 13499 | IceCv    | Reached XP level 12. HP: 51/102 MP: 14/20
 13776 | IceCv    | Found an ancient bone altar of Kikubaaqudgha.
 14479 | Lair:1   | Noticed Maggie
 14488 | Lair:1   | Killed Maggie
 14876 | Lair:2   | Noticed Gastronok
 14889 | Lair:2   | Killed Gastronok
 15129 | Lair:2   | Reached skill level 15 in Axes
 15810 | Lair:2   | Noticed a seven-headed hydra
 15813 | Lair:2   | Killed an eight-headed hydra
 16006 | Lair:3   | Reached skill level 10 in Fighting
 16009 | Lair:3   | Reached XP level 13. HP: 92/113 MP: 22/22
 16053 | Lair:3   | Found a gate leading to a gauntlet.
 16060 | Gauntlet | Entered a Gauntlet
 16060 | Gauntlet | Found a transporter.
 16139 | Gauntlet | Found a transporter.
 16142 | Gauntlet | Found a transporter.
 16143 | Gauntlet | Found a transporter.
 16151 | Gauntlet | Found a transporter.
 16154 | Gauntlet | Found a transporter.
 16155 | Gauntlet | Found a transporter.
 16166 | Gauntlet | Found a transporter.
 16167 | Gauntlet | Found a transporter.
 16168 | Gauntlet | Found a transporter.
 16178 | Gauntlet | Found a transporter.
 16178 | Gauntlet | Found a transporter.
 16179 | Gauntlet | Found a transporter.
 16188 | Gauntlet | Found a transporter.
 17078 | Gauntlet | Reached skill level 10 in Armour
 17170 | Gauntlet | Identified the +4 hand crossbow "Caggob" {penet, rElec
                  | rPois rN+ Str-2}
 17170 | Gauntlet | Noticed a minotaur
 17178 | Gauntlet | Killed a minotaur
 17179 | Gauntlet | Reached skill level 10 in Dodging
 17551 | Lair:3   | Found a hide-covered altar of Uskayaw.
 17599 | Lair:3   | Found a runed translucent gate.
 17600 | Lair:3   | Found a runed translucent gate.
 17601 | Lair:3   | Found a runed translucent gate.
 17683 | Lair:3   | Noticed a minotaur
 17684 | Lair:3   | Noticed Nieclary's ghost (journeyman TrTm)
 17793 | Lair:3   | Found a hole to the Spider Nest.
 18206 | Lair:3   | Found a staircase to the Shoals.
 18969 | Lair:4   | Noticed Rupert
 18973 | Lair:4   | Killed Rupert
 19400 | Lair:4   | Found a transporter.
 19407 | Lair:4   | Noticed pkoi's ghost (journeyman DrTm)
 19539 | Lair:4   | Found a transporter.
 19564 | Lair:4   | Found a one-way gate to the infinite horrors of the Abyss.
 20486 | Lair:5   | Reached skill level 16 in Axes
 20490 | Lair:5   | Reached XP level 14. HP: 83/124 MP: 16/24
 21052 | Lair:5   | Reached skill level 15 in Invocations
 21412 | Lair:5   | You fall into a shaft and drop 1 floor!
 21412 | Lair:6   | Entered Level 6 of the Lair of Beasts
 21427 | Lair:6   | Noticed Nessos
 21430 | Lair:6   | Killed Nessos
 22090 | Lair:6   | Found a runed translucent door.
 22090 | Lair:6   | Noticed Aliwn's ghost (journeyman VSMo)
 23967 | Lair:6   | Found an ornate altar of the Wu Jian Council.
 23971 | Lair:6   | Found a hide-covered altar of Uskayaw.
 24175 | Lair:6   | Reached XP level 15. HP: 90/134 MP: 25/25
 24950 | Lair:6   | Found a corrupted altar of Lugonu.
 25421 | D:12     | Identified the ring of Zimokk {Fire Int+4}
 25436 | D:12     | Reached skill level 17 in Axes
 26012 | Shoals:1 | Entered Level 1 of the Shoals
 26252 | Shoals:1 | Found Hitariq's Specific Store.
 26252 | Shoals:1 | Found Inaul Vuwn's General Store.
 26272 | Shoals:1 | Found Ruabamma's Magic Scroll Emporium.
 26592 | Shoals:1 | Found a transporter.
 26594 | Shoals:1 | Noticed xzight's ghost (adept MiBe)
 26856 | Shoals:1 | Found a bloodstained altar of Trog.
 26888 | Shoals:1 | Found a transporter.
 27097 | Shoals:1 | Found Rinib's General Store.
 27602 | Shoals:2 | Noticed a kraken
 27602 | Shoals:2 | Noticed a kraken
 27602 | Shoals:2 | Noticed a kraken
 27602 | Shoals:2 | Noticed a kraken
 27776 | Shoals:2 | Killed a kraken
 27779 | Shoals:2 | HP: 4/136 [cyclops (15)]
 27781 | Shoals:2 | Mangled by a cyclops

Illustrated notes

Levels and vault maps discovered:
D:1:      psy_arrival_radial01, layout_basic, serial_curves, eino_curves_04,
          eino_curves_02
D:2:      cheibrodos_helix_gallery, layout_basic,
          ebering_ecumenical_altar_petrified, uniq_robin
D:3:      layout_basic, nicolae_wu_jian_wuxing_cycle, serial_shops,
          nicolae_shop_stone, kennysheep_boxes
D:4:      layout_rooms, chequers_temple_overflow_minitemple,
          nicolae_zen_rock_garden
D:5:      layout_basic, minmay_temple_entry_nine_rooms
D:6:      layout_rooms, nicolae_uskayaw_suspiria, minivault_25,
          minmay_misc_feat_diagonals, lemuel_another_geyser
D:7:      layout_loops_corners, elyvilon_altar_3, serial_shops,
          nicolae_shop_behind_doors
D:8:      layout_loops_cross, gammafunk_temple_overflow_wave
D:9:      layout_roguey, mainiacjoe_overflow_tiny_flanked, uniq_psyche
D:10:     layout_long_grid, grunt_lair_entry_orc_guard_hut,
          hellmonk_bongcloud_opening, uniq_urug
D:11:     layout_loops_ring
D:12:     layout_roguey, orc_0_dummy
Lair:1:   layout_long_grid, portal_ice_cave_entry_pillars_2,
          infiniplex_staircase_pool, grunt_megastairs_4, uniq_maggie
Lair:2:   layout_regular_city, nicolae_quartered_pool_super,
          serial_bayou_shore_b, uniq_gastronok
Lair:3:   layout_chaotic_city, minmay_shoals_entry_hut,
          spider_nest_entry_funnel_web, maelrawn_ghost_gauntlet_escape,
          basic_altar, gauntlet_entry_generic
Lair:4:   layout_roguey, gammafunk_ghost_abyssal_escape, grunt_megastairs_1,
          minmay_lair_oklob_chamber, lemuel_fruit_tree, uniq_rupert
Lair:5:   layout_hall_layers
Lair:6:   hellmonk_lair_end_abyssal_woods, layout_misc_corridors,
          minmay_slime_entry_oklob_enclosed, ebering_ghost_reflecting_pool,
          nzn_masters_of_martial_movement, grunt_megastairs_3, uniq_nessos
Shoals:1: layout_shoals, gammafunk_ghost_wrathful_warriors, serial_shops,
          nicolae_lakefront_shop, nicolae_take_the_stairs,
          nicolae_specific_store
Shoals:2: layout_shoals, nicolae_shoals_kraken_party

Skill      XL: |  1  2  3  4  5  6  7  8  9 10 11 12 13 14 15 |
---------------+----------------------------------------------+-----
Axes           | 4 5 7 8 9 10 11 12 13 14 15 16 17 | 17.3
Invocations    | 2 4 6 9 10 12 13 14 15 16 | 16.1
Armour         | 2 5 7 9 11 12 13 | 13.2
Fighting       | 3 6 8 10 11 12 13 | 13.4
Dodging        | 4 6 8 9 10 12 | 12.7
Throwing       | |  2.0

Action                   |  1- 3 |  4- 6 |  7- 9 | 10-12 | 13-15 || total
-------------------------+-------+-------+-------+-------+-------++-------
Melee: War axe           |    66 |    90 |    90 |       |       ||   246
       Headbutt          |    12 |    12 |    28 |    82 |   142 ||   276
       Battleaxe         |       |       |    58 |   313 |   554 ||   925
Invok: Upheaval          |       |       |       |    12 |    25 ||    37
  Use: Potion            |       |     1 |       |       |       ||     1
       Scroll            |       |       |    11 |     5 |     5 ||    21
Armor: Leather armour    |    15 |    30 |    47 |    19 |       ||   111
       Skin              |       |       |     1 |       |       ||     1
       Chain mail        |       |       |       |    76 |       ||    76
       Animal skin       |       |       |       |    54 |   157 ||   211
Dodge: Dodged            |    44 |    60 |    74 |   154 |   319 ||   651
Block: Other             |       |       |     6 |    43 |    59 ||   108

Table legend: (Time is in decaauts)
 A = Elapsed time spent in this place.
 B = Non-inter-level travel time spent in this place.
 C = Inter-level travel time spent in this place.
 D = Time resting spent in this place.
 E = Time spent auto-exploring this place.
 F = Levels seen in this place.
 G = Mean time per level.
                   A        B        C        D        E       F      G
               +--------+--------+--------+--------+--------+-----+--------+
         Total |  27838 |  26733 |   1105 |   8314 |  14682 |  22 | 1265.4 |
       Dungeon |  12140 |  11623 |    517 |   2806 |   7505 |  12 | 1011.7 |
          Lair |   9705 |   9181 |    524 |   2141 |   5498 |   6 | 1617.5 |
        Shoals |   1807 |   1745 |     62 |    689 |    749 |   2 |  903.5 |
      Ice Cave |   2785 |   2785 |      0 |   1972 |    425 |   1 | 2785.0 |
      Gauntlet |   1400 |   1400 |      0 |    706 |    503 |   1 | 1400.0 |
               +--------+--------+--------+--------+--------+-----+--------+

Top non-repeatable levels by time:
  Lair:6: 3317 daAuts
   IceCv: 2785 daAuts
  Lair:4: 2037 daAuts
Shoals:1: 1645 daAuts
    D:10: 1637 daAuts
    D:11: 1459 daAuts
  Lair:3: 1415 daAuts
Gauntlet: 1400 daAuts
     D:7: 1319 daAuts
     D:5: 1282 daAuts
     D:2: 1260 daAuts
  Lair:2: 1214 daAuts
     D:9: 1119 daAuts
  Lair:5: 1014 daAuts
     D:6: 1006 daAuts
